 Dungeon Crawl Stone Soup version 0.31.0-2-g5a2aebc5c2 (webtiles) character file.

Game seed: 9110920914240978252

275650 Persephone the Warrior (level 19, -30/167 HPs)
             Began as a Demonspawn Berserker on Jan 20, 2024.
             Was a High Priest of Trog.
             Annihilated by a titanic slime creature (81 damage)
             ... on level 2 of the Vaults.
             The game lasted 01:34:03 (34533 turns).

Persephone the Warrior (Demonspawn Berserker)      Turns: 34533, Time: 01:34:04

Health: -30/167    AC: 30    Str: 32    XL:     19   Next: 56%
Magic:  6/6        EV: 11    Int:  8    God:    Trog [*****.]
Gold:   575        SH: 13    Dex: 20    Spells: 18/18 levels left

rFire   + + .        Q - +10 broad axe of Trog's Pride {antimagic, ^Fragile Dex+7}
rCold   . . .        H - +0 kite shield {reflect}
rNeg    . . .        I - +8 plate armour of the Kettle-Drum {+Inv Regen+}
rPois   +            (no helmet)
rElec   .            S - scarf {repulsion}
rCorr   +            (gloves unavailable)
SInv    .            b - +3 pair of mountain boots {steadfast, rC+}
Will    +++++        u - amulet of regeneration Stlth
                     v - ring of Xom's Entertainment {Fire rPois Will+ Str+4}
HPRegen 3.07/turn    E - ring "Qaxam" {rF+ rCorr Str+3}
MPRegen 0.10/turn

%: repel missiles, reflection
@: marked, strong-willed, regenerating
A: foul stench 2, spiny 1, torment resistance 1, sturdy frame 3, demonic
willpower, demonic touch 3
}: 2/15 runes: serpentine, barnacled
a: Renounce Religion, Evoke Invisibility, Berserk, Trog's Hand, Brothers in Arms


You were on level 2 of the Vaults.
You worshipped Trog.
Trog was extremely pleased with you.
You visited 6 branches of the dungeon, and saw 32 of its levels.
You visited the Abyss 1 time.
You also visited: Bailey.

You collected 2870 gold pieces.
You spent 2295 gold pieces at shops.

Inventory:

Hand Weapons
 p - a +6 broad axe of flaming
 Q - the +10 broad axe of Trog's Pride (weapon) {antimagic, ^Fragile Dex+7}
   (Trog gifted it to you on level 3 of the Snake Pit)

   Dex+7:     It affects your dexterity (+7).
   ^Fragile:  It will be destroyed if unequipped.
 U - a +1 broad axe of freezing
Missiles
 o - 18 javelins
 K - 6 throwing nets
Armour
 b - the +3 pair of mountain boots (worn) {steadfast, rC+}
   (You found it on level 4 of the Shoals)

   Steadfast: It prevents involuntary movement, except for blinking,
   teleportation, or banishment.
   rC+:       It protects you from cold.
 y - a +2 cloak of poison resistance
 H - a +0 kite shield of reflection (worn)
 I - the +8 plate armour of the Kettle-Drum (worn) {+Inv Regen+}
   (You bought it in a shop on level 12 of the Dungeon)

   +Inv:      It lets you turn invisible.
   Regen+:    It increases your rate of health regeneration.
 S - a scarf of repulsion (worn)
Jewellery
 u - an amulet of regeneration (around neck)
 v - the ring of Xom's Entertainment (left hand) {Fire rPois Will+ Str+4}
   (You took it off a merfolk impaler on level 4 of the Shoals)

   [ring of fire]

   Fire:      It enhances your fire magic.
   Str+4:     It affects your strength (+4).
   rF+:       It protects you from fire.
   rC-:       It makes you vulnerable to cold.
   rPois:     It protects you from poison Will+: It increases your willpower.
 z - a ring of poison resistance
 D - a ring of protection from cold
 E - the ring "Qaxam" (right hand) {rF+ rCorr Str+3}
   (You bought it in a shop on level 14 of the Dungeon)

   [ring of protection from fire]

   Str+3:     It affects your strength (+3).
   rF+:       It protects you from fire.
   rCorr:     It protects you from acid and corrosion.
 M - a ring of resist corrosion
 X - a +4 ring of protection
Wands
 a - a wand of charming (16)
 h - a wand of roots (22)
 s - a wand of flame (27)
 N - a wand of mindburst (18)
 W - a wand of digging (2)
Scrolls
 d - 5 scrolls of poison
 f - 4 scrolls of teleportation
 i - 5 scrolls of revelation
 j - 2 scrolls of enchant weapon
 r - 8 scrolls of enchant armour
 A - 3 scrolls of blinking
 J - a scroll of silence
 R - 2 scrolls of noise
 T - 2 scrolls of brand weapon
 V - 3 scrolls of fear
 Y - 3 scrolls of identify
Potions
 c - 4 potions of curing
 e - 2 potions of resistance
 g - 2 potions of magic
 k - 2 potions of might
 l - a potion of ambrosia
 m - 2 potions of lignification
 q - 4 potions of berserk rage
 t - 6 potions of haste
 w - 4 potions of heal wounds
 B - 3 potions of attraction
 C - 8 potions of mutation
 F - a potion of cancellation {unknown}
 G - 2 potions of degeneration {unknown}
 L - 3 potions of enlightenment {unknown}
 O - 2 potions of brilliance {unknown}
 P - 3 potions of invisibility
Miscellaneous
 n - a lightning rod (4/4)
 x - a condenser vane


   Skills:
 * Level 19.5 Fighting
 - Level 18.0 Axes
 - Level 5.1 Throwing
 * Level 17.8 Armour
 + Level 2.2 Dodging
 - Level 12.0 Shields
 - Level 5.4 Evocations


You had 18 spell levels left.
You didn't know any spells.
Your spell library was empty.

Dungeon Overview and Level Annotations

Branches:
Dungeon (15/15)            Temple (0/1) D:5            Lair (5/5) D:11
 Shoals (4/4) Lair:2        Snake (4/4) Lair:2        Slime (0/5) Lair:4
    Orc (2/2) D:10            Elf (0/3) Orc:2        Vaults (2/5) D:14
 Depths (0/4) D:15         Bailey (visited)
  Crypt: Vaults:2-3

Altars:
Gozag
Kikubaaqudgha
Makhleb
Nemelex Xobeh
Okawaru
Ru
Uskayaw
Vehumet
Xom
Jiyva
Lugonu

Shops:
D:5 (   D:6 *   D:12 [   D:14 =![[   Orc:1 !   Orc:2 (!*=   Shoals:1 :
Snake:1 :=*   Snake:2 :

Portals:
Abyss: Lair:5
Trove: D:13 (show abyssal rune of Zot)

Annotations:
D:12 3 runed translucent doors, Neel Ube's ghost, journeyman FoFi
D:14 exclusion: orange crystal statue
Shoals:2 3 runed translucent doors, exclusion: obsidian statue, royokou's ghost, adept GrEE
Snake:3 Mara


Innate Abilities, Weirdness & Mutations

You sometimes emit foul miasma when damaged in melee.
You are partially covered in sharp spines.
You are resistant to unholy torment.
Your movements are significantly less encumbered by armour. (ER -6)
You punish those that try to bend your will. (Will+)
Your touch may irresistibly damage your foes and sap their willpower.


Message History

The enormous slime creature is lightly wounded.
Two slime creatures merge to form a titanic slime creature.
Your skin crawls.
You feel strong-willed.
You block the titanic slime creature's attack.
You slash the titanic slime creature!
The titanic slime creature is lightly wounded.
You block the titanic slime creature's attack.
You cut the titanic slime creature into ribbons!!!
The titanic slime creature is moderately wounded.
You slice the titanic slime creature like a ripe choko!!!
The titanic slime creature is moderately wounded.
You block the titanic slime creature's attack.
You slash the titanic slime creature!
The titanic slime creature is heavily wounded.
The titanic slime creature hits you but does no damage.
You barely miss the titanic slime creature.
The titanic slime creature is heavily wounded.
The titanic slime creature is struck by your spines.
The titanic slime creature misses you.
You slash the titanic slime creature!
The titanic slime creature is heavily wounded.
You slice the titanic slime creature!!
The titanic slime creature is severely wounded.
The titanic slime creature hits you!!!
You are too injured to fight recklessly!
You are too injured to fight recklessly!
You are too injured to fight recklessly!
You are too injured to fight recklessly!
You slash the titanic slime creature!
The titanic slime creature is severely wounded.
The titanic slime creature is struck by your spines.
The titanic slime creature hits you!!!!
* * * LOW HITPOINT WARNING * * *
You emit a cloud of foul miasma!
You slice the titanic slime creature like a ripe choko!!!
The titanic slime creature is almost dead.
The titanic slime creature is engulfed in dark miasma.
The titanic slime creature is poisoned.
The titanic slime creature hits you!!!!
You die...

#......+.........
#......#.........
##'#####.........
##...##
#......... ###
#.....#
#......... ....
##...##
#......... .....
#.....#
#.........
......##...##
#.....^...
.....JJ@....#
########+
......##...##
..... #.....#
#### ##...##
#.....# ##...##
#####


You could see a titanic slime creature (poisoned) and a slime creature.

Vanquished Creatures
  Boris (Vaults:1)
  Saint Roka (Snake:2)
  Nikola (Vaults:1)
  Jorgrun (D:12)
  Zenata (Vaults:1)
  Asterion (Snake:1)
  Polyphemus (Shoals:3)
  Frances (D:14)
  Aizul (Snake:2)
  Donald (Shoals:3)
  Kirke (D:12)
  Louise (Shoals:4)
  6 nagarajas
  8 vault wardens (Vaults:1)
  8 ironbound preservers (Vaults:1)
  An angel (Shoals:4)
  A formless jellyfish (Shoals:4)
  An apis (Shoals:4)
  Azrael (D:15)
  The ghost of Elebi the Grappler, a journeyman DrSh of Yredelemnul (Lair:2)
  Snorg (Lair:3)
  4 merfolk javelineers (Shoals:4)
  9 merfolk impalers
  Fannar (D:11)
  5 salamander tyrants
  A peacekeeper (Vaults:1)
  4 hydras
  2 yaktaur captains (Vaults:1)
  Harold (D:11)
  3 great orbs of eyes
  A catoblepas (Shoals:3)
  4 merfolk avatars
  15 anacondas
  4 ogre magi (Orc:2)
  10 centaur warriors
  A sphinx zombie (D:15)
  A boulder beetle (Lair:4)
  2 alligator snapping turtles
  4 merfolk aquamancers (Shoals:4)
  4 satyrs (Shoals:3)
  14 death yaks
  2 ironbound frosthearts (Vaults:1)
  12 naga warriors
  3 tengu warriors
  A vampire mage (D:15)
  14 two-headed ogres
  A holy swine (Shoals:4)
  4 shock serpents
  18 naga sharpshooters
  4 thrashing horrors (Lair:5)
  Urug (D:11)
  A storm dragon zombie (D:15)
  7 skeletal warriors
  A skyshark (Shoals:1)
  2 cherubim (Shoals:4)
  9 salamander mystics
  15 mana vipers
  19 deep trolls (Vaults:1)
  A large abomination (Lair:5)
  11 naga ritualists
  5 sea snakes
  2 arcanists (Vaults:1)
  4 ironbound convokers
  6 lindwurms
  24 harpies
  A necromancer (D:15)
  An orc knight (D:15)
  A deep elf pyromancer (D:13)
  An oklob plant (D:11)
  7 cyclopes
  5 fauns (Shoals:1)
  20 ugly things
  21 salamanders
  2 wolf spiders (Lair:3)
  16 manticores
  21 elephants
  2 kobold blastminers (Orc:1)
  9 merfolk sirens
  7 guardian serpents
  10 slime creatures
  43 black mambas
  17 naga magi
  3 smoke demons (Lair:5)
  A torpor snail (Lair:1)
  5 vault sentinels (Vaults:1)
  3 water nymphs
  4 gargoyles
  14 cane toads
  4 rime drakes
  Jeremiah (D:9)
  9 komodo dragons
  An unseen horror (shapeshifter) (Lair:5)
  Psyche (D:8)
  2 guardian mummies (D:13)
  6 yaktaurs (Vaults:1)
  A kobold demonologist (D:11)
  An efreet (D:13)
  A tengu conjurer (D:15)
  7 wind drakes
  5 trolls
  24 merfolk
  2 polar bears
  38 blink frogs
  11 snapping turtles
  14 dream sheep
  3 raiju (Lair:5)
  A dream sheep (shapeshifter) (D:14)
  2 vampires
  2 ynoxinuls (Lair:5)
  Sigmund (D:3)
  A culicivora (shapeshifter) (D:12)
  11 small abominations (Lair:5)
  5 wyverns
  2 spriggans
  4 water elementals
  17 yaks
  4 basilisks
  4 hogs (D:12)
  4 steam dragons
  5 vampire mosquitoes
  A warg (Orc:1)
  4 fire elementals (D:15)
  4 acid dragons
  The ghost of ironsdan the Slasher, an amateur TeGl (D:4)
  43 nagas
  19 water moccasins
  A hell hound (D:15)
  2 sky beasts
  2 ice beasts
  18 orc warriors
  3 black bears
  7 centaurs
  29 ogres
  10 wolves
  A phantom (D:5)
  6 kobold brigands
  6 bullfrogs
  4 scorpions
  5 wights (D:6)
  6 killer bees (D:7)
  8 vampire bats (Bailey)
  3 howler monkeys (D:12)
  6 wolf zombies (Bailey)
  3 hounds
  2 bombardier beetles
  2 gnoll boudas
  5 jellies
  11 orc priests
  Ijyb (D:4)
  An iguana (D:5)
  21 orc wizards
  Natasha (twice) (D:4)
  11 gnolls
  7 adders
  3 ufetubi (D:5)
  A dart slug (D:1)
  56 orcs
  4 bats
  8 endoplasms
  3 giant cockroaches
  A hobgoblin (D:2)
  3 jackals (D:5)
  33 kobolds
  5 quokkas
  10 ball pythons
  3 frilled lizards
  13 goblins
  23 orc zombies (Bailey)
  6 rats
  A spectral weapon (Snake:1)
1133 creatures vanquished.

Vanquished Creatures (others)
  A vault warden (Vaults:1)
  2 deep trolls (Vaults:1)
  An ironbound convoker (Vaults:1)
  A vault sentinel (Vaults:1)
  A water nymph (Shoals:4)
  A kobold brigand (D:8)
  A kobold (D:8)
8 creatures vanquished.

Grand Total: 1141 creatures vanquished

Notes
Turn   | Place    | Note
-------+----------+-------------------------------------------
     0 | D:1      | Persephone the Demonspawn Berserker began the quest for the
                  | Orb.
     0 | D:1      | Reached XP level 1. HP: 18/18 MP: 1/1
   129 | D:1      | Gained mutation: Your touch may inflict minor irresistible
                  | damage on your foes. [demonic ancestry]
   129 | D:1      | Reached XP level 2. HP: 24/24 MP: 2/2
  1056 | D:2      | Gained mutation: You are partially covered in sharp spines.
                  | [demonic ancestry]
  1056 | D:2      | Reached XP level 3. HP: 29/29 MP: 3/3
  1093 | D:2      | Reached ** piety under Trog
  1355 | D:2      | Found a radiant altar of Vehumet.
  1553 | D:2      | Found a faded altar of an unknown god.
  1706 | D:3      | Gained mutation: You may rarely emit foul miasma when
                  | damaged in melee. [demonic ancestry]
  1706 | D:3      | Reached XP level 4. HP: 29/35 MP: 4/4
  2018 | D:3      | Noticed Sigmund
  2026 | D:3      | Killed Sigmund
  2027 | D:3      | Reached XP level 5. HP: 41/41 MP: 5/5
  2091 | D:3      | Reached XP level 6. HP: 46/47 MP: 6/6
  2114 | D:3      | Found a hide-covered altar of Uskayaw.
  2608 | D:4      | Noticed Ijyb
  2623 | D:4      | Killed Ijyb
  2623 | D:4      | Reached *** piety under Trog
  2743 | D:4      | Noticed Natasha
  2748 | D:4      | Killed Natasha
  2769 | D:4      | Reached XP level 7. HP: 29/52 MP: 7/7
  2843 | D:4      | Noticed Natasha
  2852 | D:4      | Killed Natasha
  3153 | D:4      | Noticed an angel
  3185 | D:4      | Found a large runed translucent door.
  3185 | D:4      | Found a large runed translucent door.
  3187 | D:4      | Noticed ironsdan's ghost (amateur TeGl)
  3273 | D:4      | Killed ironsdan's ghost
  3387 | D:5      | Entered Level 5 of the Dungeon
  3572 | D:5      | Found Wenauf's Antique Weapon Boutique.
  3825 | D:5      | Found a staircase to the Ecumenical Temple.
  3836 | D:5      | Gained mutation: Your touch may inflict irresistible damage
                  | on your foes. [demonic ancestry]
  3836 | D:5      | Reached XP level 8. HP: 53/58 MP: 8/8
  3860 | D:5      | Found a sacrificial altar of Ru.
  4295 | D:5      | You fall into a shaft and drop 3 floors!
  4429 | D:8      | Noticed Psyche
  4444 | D:8      | HP: 4/87 [something (10)]
  4446 | D:8      | HP: 1/87 [something (4)]
  4446 | Abyss:2  | Cast into level 2 of the Abyss (Psyche)
  4509 | D:8      | Escaped the Abyss
  4512 | D:8      | Killed Psyche
  4513 | D:8      | Reached skill level 10 in Axes
  4807 | D:8      | Found a flagged portal.
  4890 | Bailey   | Entered a bailey
  4945 | Bailey   | Reached **** piety under Trog
  5036 | Bailey   | Gained mutation: You sometimes emit foul miasma when
                  | damaged in melee. [demonic ancestry]
  5036 | Bailey   | Reached XP level 9. HP: 50/63 MP: 9/9
  5201 | Bailey   | Noticed a gargoyle
  5206 | Bailey   | Killed a gargoyle
  5483 | Bailey   | Identified the +0 robe of the Barracuda {^Drain +Blink
                  | Str+9 Dex+4}
  5631 | D:7      | Reached ***** piety under Trog
  5765 | D:5      | Found a shimmering altar of Xom.
  5966 | D:6      | Found an iron altar of Okawaru.
  5973 | D:6      | Identified the +6 falchion of Trog, Disbelieving {flame,
                  | Will- Dex+6}
  6298 | D:6      | Gained mutation: Your movements are slightly less
                  | encumbered by armour. (ER -2) [demonic ancestry]
  6298 | D:6      | Reached XP level 10. HP: 48/65 MP: 10/10
  6400 | D:6      | Found Fotraut's CLEARANCE SALE!.
  6405 | D:6      | Bought a scroll of identify for 6 gold pieces
  6497 | D:6      | Found a sparkling altar of Nemelex Xobeh.
  7471 | D:9      | Found an ancient bone altar of Kikubaaqudgha.
  7567 | D:9      | Found a burning altar of Makhleb.
  7625 | D:9      | Noticed Jeremiah
  7659 | D:9      | Killed Jeremiah
  7739 | D:9      | Found a radiant altar of Vehumet.
  7817 | D:9      | Noticed a two-headed ogre
  7825 | D:9      | Killed a two-headed ogre
  7989 | D:10     | Entered Level 10 of the Dungeon
  8183 | D:10     | Received a gift from Trog
  8184 | D:10     | Reached skill level 15 in Axes
  8554 | D:10     | Found a staircase to the Orcish Mines.
  8634 | D:10     | Reached XP level 11. HP: 63/75 MP: 11/11
  9083 | D:11     | Noticed Urug
  9094 | D:11     | Killed Urug
  9380 | D:11     | Found a staircase to the Lair.
  9407 | D:11     | Noticed an oklob plant
  9470 | D:11     | Noticed Fannar
  9483 | D:11     | Killed Fannar
  9715 | D:11     | Noticed Harold
  9725 | D:11     | Killed Harold
  9801 | D:11     | Reached skill level 4 in Fighting
 10313 | D:11     | Killed an oklob plant
 10421 | Orc:1    | Entered Level 1 of the Orcish Mines
 10481 | Orc:2    | Entered Level 2 of the Orcish Mines
 10487 | Orc:2    | Noticed a two-headed ogre
 10495 | Orc:2    | Killed a two-headed ogre
 10496 | Orc:2    | Noticed a two-headed ogre
 10497 | Orc:2    | Noticed a two-headed ogre
 10497 | Orc:2    | Noticed a two-headed ogre
 10498 | Orc:2    | Noticed a two-headed ogre
 10499 | Orc:2    | Noticed an ogre mage
 10500 | Orc:2    | Noticed a two-headed ogre
 10559 | Orc:2    | Noticed a two-headed ogre
 10565 | Orc:1    | Killed a two-headed ogre
 10568 | Orc:1    | Killed a two-headed ogre
 10570 | Orc:1    | Killed a two-headed ogre
 10571 | Orc:1    | Reached skill level 5 in Fighting
 10572 | Orc:1    | Killed a two-headed ogre
 10715 | Orc:2    | Gained mutation: Your touch may irresistibly damage your
                  | foes and sap their willpower. [demonic ancestry]
 10715 | Orc:2    | Reached XP level 12. HP: 78/86 MP: 12/12
 10716 | Orc:2    | Killed a two-headed ogre
 10717 | Orc:2    | Killed a two-headed ogre
 10811 | Orc:2    | Noticed a two-headed ogre
 10824 | Orc:1    | Killed a two-headed ogre
 11023 | Orc:2    | Reached skill level 6 in Fighting
 11023 | Orc:2    | Reached skill level 5 in Armour
 11136 | Orc:2    | Killed an ogre mage
 11138 | Orc:2    | Noticed an ogre mage
 11141 | Orc:2    | Noticed a two-headed ogre
 11155 | Orc:2    | Paralysed by something for 2 turns
 11159 | Orc:2    | Killed an ogre mage
 11161 | Orc:2    | Killed a two-headed ogre
 11546 | Orc:2    | Noticed a two-headed ogre
 11554 | Orc:2    | Killed a two-headed ogre
 11575 | Orc:2    | Found a staircase to the Elven Halls.
 11600 | Orc:2    | Noticed an ogre mage
 11620 | Orc:2    | Killed an ogre mage
 11644 | Orc:2    | Found Pinkuih's Antique Weapon Shop.
 11644 | Orc:2    | Found Yshrias's Assorted Antiques.
 11646 | Orc:2    | Found Fipnub's Distillery.
 11646 | Orc:2    | Found Cytoril's Jewellery Boutique.
 11648 | Orc:2    | Noticed a two-headed ogre
 11659 | Orc:2    | Killed a two-headed ogre
 11812 | Orc:2    | Reached skill level 7 in Fighting
 11877 | Orc:2    | Noticed an ogre mage
 11885 | Orc:2    | Killed an ogre mage
 12106 | Orc:2    | Bought a bone ring for 140 gold pieces
 12457 | Orc:1    | Found Rarag's Distillery.
 12695 | Lair:1   | Entered Level 1 of the Lair of Beasts
 12703 | Lair:1   | Identified the +5 whip "Poggupn" {distort, Str-2 Dex+3}
 13036 | Lair:1   | Gained mutation: Your movements are less encumbered by
                  | armour. (ER -4) [demonic ancestry]
 13036 | Lair:1   | Reached XP level 13. HP: 87/98 MP: 13/13
 13202 | Lair:1   | Reached skill level 8 in Fighting
 13667 | Lair:2   | Found a staircase to the Shoals.
 13862 | Lair:2   | Reached skill level 9 in Fighting
 13934 | Lair:2   | Found a runed translucent door.
 13937 | Lair:2   | Noticed Elebi's ghost (journeyman DrSh)
 14188 | Lair:2   | Found a staircase to the Snake Pit.
 14411 | Lair:2   | Killed Elebi's ghost
 14668 | Lair:3   | Noticed Snorg
 14681 | Lair:3   | Killed Snorg
 14941 | Lair:3   | Reached skill level 10 in Fighting
 15451 | Lair:3   | Reached skill level 11 in Fighting
 16059 | Lair:3   | Reached XP level 14. HP: 113/113 MP: 14/14
 16122 | Lair:4   | Reached skill level 10 in Armour
 16254 | Lair:4   | Found a viscous altar of Jiyva.
 16258 | Lair:4   | Found a staircase to the Slime Pits.
 16812 | Lair:4   | Reached skill level 12 in Fighting
 17200 | Lair:5   | Entered Level 5 of the Lair of Beasts
 17714 | Lair:5   | Received a gift from Trog
 17715 | Lair:5   | Reached skill level 13 in Fighting
 18465 | Lair:5   | Gained mutation: Your movements are significantly less
                  | encumbered by armour. (ER -6) [demonic ancestry]
 18465 | Lair:5   | Reached XP level 15. HP: 124/124 MP: 15/15
 18520 | Lair:5   | Found a corrupted altar of Lugonu.
 18520 | Lair:5   | Found a one-way gate to the infinite horrors of the Abyss.
 18886 | D:12     | Noticed Jorgrun
 18888 | D:12     | Found Jadgh's Antique Armour Emporium.
 18900 | D:12     | Killed Jorgrun
 18901 | D:12     | Reached skill level 14 in Fighting
 19131 | D:12     | Found a runed translucent gate.
 19131 | D:12     | Found a runed translucent gate.
 19132 | D:12     | Found a runed translucent gate.
 19134 | D:12     | Noticed Neel Ube's ghost (journeyman FoFi)
 19135 | D:12     | Noticed a frost giant
 19141 | D:12     | Found the +0 pair of fencer's gloves {Riposte Dex+3}
 19207 | D:12     | Noticed Kirke
 19222 | D:12     | Killed Kirke
 19351 | D:12     | Bought an encrusted plate armour for 728 gold pieces
 19351 | D:12     | Identified the +8 plate armour of the Kettle-Drum {+Inv
                  | Regen+} (You bought it in a shop on level 12 of the
                  | Dungeon)
 19545 | D:13     | Reached skill level 1 in Shields
 19786 | D:13     | Received a gift from Trog
 20111 | D:13     | Found a portal to a secret trove of treasure.
 20422 | D:14     | Found Fahiuvewn's Jewellery Shoppe.
 20428 | D:14     | Bought the ring "Qaxam" {rF+ rCorr Str+3} for 614 gold
                  | pieces
 20548 | D:14     | Found Yhusefa's Antique Armour Shoppe.
 20584 | D:14     | Found Qiwkoladgh's Antique Armour Boutique.
 20587 | D:14     | Bought an embroidered scarf for 272 gold pieces
 20624 | D:14     | Found Ceqiqoic's Distillery.
 20656 | D:14     | Found an opulent altar of Gozag.
 20681 | D:14     | Noticed Frances
 20709 | D:14     | Killed Frances
 21095 | D:14     | Found a gate to the Vaults.
 21371 | D:14     | Identified the +2 helmet of the Mind {Harm rF++ Str-4
                  | Int+2}
 21545 | D:14     | Bought a ring of poison resistance for 280 gold pieces
 21561 | D:15     | Entered Level 15 of the Dungeon
 21579 | D:15     | Noticed Azrael
 21598 | D:15     | Killed Azrael
 21914 | D:15     | Found a staircase to the Depths.
 21934 | D:15     | Reached skill level 15 in Fighting
 22696 | Snake:1  | Entered Level 1 of the Snake Pit
 22761 | Snake:1  | Noticed Asterion
 22797 | Snake:1  | Noticed an Executioner
 22799 | Snake:1  | Killed Asterion
 22862 | Snake:1  | Reached skill level 5 in Shields
 22908 | Snake:1  | Reached XP level 16. HP: 119/136 MP: 16/16
 22972 | Snake:1  | Found Vula's Assorted Antiques.
 22985 | Snake:1  | Found Myulyj Opn's Jewellery Emporium.
 22988 | Snake:1  | Found Urchex's Book Shoppe.
 24271 | Snake:2  | Noticed Saint Roka
 24303 | Snake:2  | Killed Saint Roka
 24407 | Snake:2  | You fall into a shaft and drop 1 floor!
 24573 | Snake:3  | Identified the +10 broad axe of Trog's Pride {antimagic,
                  | ^Fragile Dex+7} (Trog gifted it to you on level 3 of the
                  | Snake Pit)
 24573 | Snake:3  | Received a gift from Trog
 24685 | Snake:2  | Reached skill level 16 in Fighting
 25109 | Snake:2  | Identified the serpent talisman of Lust {rElec rN+ Will+++
                  | Str-4}
 25109 | Snake:2  | Noticed Aizul
 25125 | Snake:2  | Killed Aizul
 25353 | Snake:2  | Found Xiquts's Book Boutique.
 25614 | Snake:3  | Noticed Mara
 25617 | Snake:3  | Noticed Persephone's illusion
 25897 | Snake:3  | Found a hide-covered altar of Uskayaw.
 25916 | Snake:3  | Reached skill level 15 in Armour
 25922 | Snake:4  | Entered Level 4 of the Snake Pit
 26136 | Snake:4  | Reached XP level 17. HP: 121/140 MP: 5/17
 26526 | Snake:4  | Reached skill level 17 in Fighting
 27498 | Snake:4  | Reached skill level 10 in Shields
 27553 | Snake:4  | Got a serpentine rune of Zot
 27693 | Snake:4  | Received a gift from Trog
 27803 | Shoals:1 | Entered Level 1 of the Shoals
 27915 | Shoals:1 | Found Fuoleog's Book Boutique.
 28041 | Snake:1  | Bought a shiny kite shield for 255 gold pieces
 28217 | Shoals:1 | Gained mutation: You punish those that try to bend your
                  | will. (Will+) [demonic ancestry]
 28217 | Shoals:1 | Reached XP level 18. HP: 149/156 MP: 6/18
 28280 | Shoals:1 | Reached skill level 18 in Fighting
 28508 | Shoals:1 | Reached skill level 1 in Throwing
 28517 | Shoals:1 | Reached skill level 1 in Evocations
 28888 | Shoals:2 | Found a runed translucent gate.
 28888 | Shoals:2 | Found a runed translucent gate.
 28888 | Shoals:2 | Found a runed translucent gate.
 28889 | Shoals:2 | Found an opulent altar of Gozag.
 29434 | Shoals:2 | Noticed royokou's ghost (adept GrEE)
 29599 | Shoals:3 | Noticed Donald
 29618 | Shoals:3 | Noticed Polyphemus
 29619 | Shoals:3 | Killed Donald
 29656 | Shoals:3 | Killed Polyphemus
 30300 | Shoals:4 | Entered Level 4 of the Shoals
 30764 | Shoals:4 | Noticed Louise
 30790 | Shoals:4 | Killed Louise
 30904 | Shoals:4 | HP: 1/158 [apis (30)]
 31053 | Shoals:4 | Identified the ring of Xom's Entertainment {Fire rPois
                  | Will+ Str+4}
 31072 | Shoals:4 | Paralysed by a formless jellyfish for 1 turns
 31435 | Shoals:4 | Found the +3 pair of mountain boots {steadfast, rC+}
 31705 | Shoals:4 | Got a barnacled rune of Zot
 31959 | Vaults:1 | Entered Level 1 of the Vaults
 32558 | Vaults:1 | Noticed Boris
 32577 | Vaults:1 | Killed Boris
 32703 | Vaults:1 | Gained mutation: You are resistant to unholy torment.
                  | [demonic ancestry]
 32703 | Vaults:1 | Reached XP level 19. HP: 112/165 MP: 6/19
 32789 | Vaults:1 | Noticed Zenata
 32818 | Vaults:1 | Killed Zenata
 32819 | Vaults:1 | Reached skill level 19 in Fighting
 32823 | Vaults:1 | Noticed Nikola
 32932 | Vaults:1 | Killed Nikola
 33073 | Vaults:1 | Reached skill level 5 in Evocations
 33232 | Vaults:1 | Reached skill level 5 in Throwing
 34533 | Vaults:2 | Annihilated by a titanic slime creature

Illustrated notes

Levels and vault maps discovered:
D:1:      onia_arrival_mini_spirals, layout_loops_ring
D:2:      layout_basic, basic_altar, shapermc_ecumenical_altar_mp_vishouse
D:3:      layout_basic, minitemple, grunt_ministairs_5,
          kennysheep_generic_room_9, uniq_sigmund
D:4:      layout_cave_pools, zin_angel, ebering_ghost_disaster_area,
          uniq_natasha, uniq_ijyb
D:5:      layout_loops_ring, mainiacjoe_overflow_surrounded_room, tgw_xom,
          minmay_temple_entry_antechambers, serial_shops, shop,
          lemuel_flamethrower_2
D:6:      layout_loops_ring, okawaru_ov_weapons_minmay,
          nemelex_dance_club_becter, minmay_misc_feat_pillars,
          nicolae_shop_clearance
D:7:      layout_loops_ring, minmay_misc_feat_five
D:8:      layout_loops_ring, enter_bailey_5, kennysheep_crisscross, uniq_psyche
D:9:      minmay_flawed_box, layout_rooms, mainiacjoe_overflow_paths,
          vehumet_altar_wand_db, mainiacjoe_overflow_catwalk, uniq_jeremiah
D:10:     layout_basic, kennysheep_orc_monster_closet_entryway,
          due_unseen_surprise
D:11:     cheibrodos_steamvent, layout_basic, dpeg_oklobed_lair,
          serial_co_window_serial, co_window_paths_b, co_window_paths_b,
          co_window_paths_a, co_window_paths_b, co_window_corner_a,
          co_window_paths_b, co_window_corner_a, co_window_cross_3,
          co_window_cross_4, co_window_broadway_c, co_window_corner_b,
          co_window_corner_b, co_window_paths_e, glass_columns_c,
          glass_columns_b, uniq_urug, uniq_fannar, uniq_harold
D:12:     layout_cross, serial_shops, shop, gammafunk_ghost_split, uniq_jorgrun,
          uniq_kirke
D:13:     layout_loops_ring, nicolae_trove_entry_path_of_doom
D:14:     layout_basic, hellmonk_vaults_attempted_burglary, lemuel_doored_altar,
          serial_shops, shop, nicolae_shop_window_shopping, shop_fountains,
          shop, minmay_protected_statue, uniq_frances
D:15:     gammafunk_depths_entry_grave, layout_loops_ring, uniq_azrael
Lair:1:   layout_regular_city
Lair:2:   layout_gridlike, shoals_dummy_entry, nicolae_snake_entry_squirm,
          hellmonk_ghost_happy_afterlife, pdpol_lair_neglected_garden,
          grunt_forest_small_clearings, grunt_forest_large_clearings
Lair:3:   layout_small_grid, chequers_serial_rivers_small_b,
          nicolae_lair_run_with_the_wolves, uniq_snorg
Lair:4:   layout_cave_pods, nicolae_slime_entry_field_trip, serial_bayou_pond_d,
          beast_lair_carwin_4, infiniplex_staircase_pool_2,
          serial_bayou_shore_b, serial_bayou_shore_a, grunt_megastairs_5
Lair:5:   hellmonk_lair_end_abyssal_woods, layout_cave_pods
Shoals:1: layout_shoals, serial_shops, shop, nicolae_tricolors
Shoals:2: layout_shoals, ebering_ghost_gozag
Shoals:3: layout_shoals, nicolae_shoals_songs, uniq_polyphemus, uniq_donald
Shoals:4: shoals_end_hellmonk_holy_island, uniq_louise
Snake:1:  layout_concentric_octagons, minmay_shop_star, uniq_asterion
Snake:2:  layout_honeycomb, serial_shops, shop, grunt_megastairs_3, uniq_aizul,
          uniq_saint_roka
Snake:3:  layout_cave_shapes, basic_altar, uniq_mara
Snake:4:  snake_pit_salamanders_mu, layout_cave_town, nicolae_snake_boneroom
Orc:1:    layout_diamond_mine, serial_shops, shop, basic_altar
Orc:2:    st_orc_ogre_mass, layout_caves, nicolae_orc_tapped_out
Vaults:1: hangedman_vaults_hat, hangedman_vaults_maws, vaults_dpeg_diagonal,
          nicolae_vaults_sesquioval_fish, nicolae_vaults_triangles,
          nicolae_vaults_disappearing_quadrants, nicolae_vaults_border_crossing,
          nicolae_vaults_hexular_roomagon, nicolae_vaults_closet_pinwheel_2,
          v_alt_pattern_3, ontoclasm_vaults_idyll, nicolae_vaults_tangram_2,
          nicolae_vaults_house_1, nicolae_vaults_tangram_1, grunt_vaults_focal,
          nicolae_vaults_tetromino_Z_1, layout_vaults_omnicross, uniq_zenata,
          uniq_boris, uniq_nikola
Vaults:2: nicolae_vaults_trapezoid_layered, nicolae_vaults_more_shelving_1,
          st_hourglassy, vaults_room_hallway,
          nicolae_vaults_door_testing_chamber, vaults_standard_mumra_x,
          v_alt_pattern_6, v_rooms_4, nicolae_vaults_octothorpe, v_misc_9,
          ontoclasm_vaults_tryst, layout_vaults_maze, serial_shops, shop

Skill      XL: |  1  2  3  4  5  6  7  8  9 10 11 12 13 14 15 16 17 18 19 |
---------------+----------------------------------------------------------+-----
Axes           | 3 4 6 7 9 11 13 15 16 18 | 18.0
Armour         | 4 6 9 12 13 15 16 17 | 17.8
Fighting       | 5 7 11 13 15 16 17 18 19 | 19.5
Shields        | 5 8 10 12 | 12.0
Throwing       | 3 5 |  5.1
Evocations     | 4 5 |  5.4
Dodging        | 2 |  2.2

Action                     |  1- 3 |  4- 6 |  7- 9 | 10-12 | 13-15 | 16-18 | 19-21 || total
---------------------------+-------+-------+-------+-------+-------+-------+-------++-------
  Melee: Hand axe          |    76 |    80 |    26 |       |       |       |       ||   182
         Touch             |     8 |    14 |    40 |    78 |   109 |       |       ||   249
         Broad axe         |       |       |   201 |   128 |   540 |  1548 |   241 ||  2658
         Punch             |       |       |     1 |     5 |     5 |       |       ||    11
         War axe           |       |       |       |   288 |   306 |       |       ||   594
  Throw: Javelin           |       |       |       |       |       |    29 |       ||    29
 Invoke: Berserk           |       |     1 |     6 |     9 |     6 |    12 |     1 ||    35
         Trog's Hand       |       |       |     6 |    17 |    24 |    55 |     5 ||   107
  Evoke: Wand              |       |       |       |       |       |    22 |       ||    22
         Lightning rod     |       |       |       |       |       |     1 |       ||     1
         Condenser vane    |       |       |       |       |       |     1 |       ||     1
    Use: Scroll            |     6 |     2 |     4 |     7 |    14 |    13 |     3 ||    49
         Potion            |       |       |     1 |     4 |     2 |     9 |     2 ||    18
   Stab: Sleeping          |     1 |       |       |       |       |       |       ||     1
         Invisible         |       |       |       |       |     3 |       |       ||     3
         Petrified         |       |       |       |       |       |     3 |       ||     3
 Armour: Animal skin       |     3 |       |       |       |       |       |       ||     3
         Scale mail        |    12 |       |       |       |       |       |       ||    12
         Chain mail        |    20 |    61 |   184 |       |       |       |       ||   265
         Plate armour      |       |       |    65 |   337 |   710 |  1401 |   168 ||  2681
  Dodge: Dodged            |    32 |    23 |   113 |   114 |   285 |   485 |    62 ||  1114
         Repelled          |       |       |       |       |     3 |    41 |       ||    44
  Block: Other             |       |       |       |    33 |    43 |       |       ||    76
         Reflection        |       |       |       |     2 |     2 |     1 |     5 ||    10
         Buckler           |       |       |       |       |    62 |       |       ||    62
         Kite shield       |       |       |       |       |     8 |   552 |   150 ||   710
         Tower shield      |       |       |       |       |       |   720 |       ||   720
